 Dungeon Crawl Stone Soup version 0.17-a0-1295-gefc790a (webtiles) character file.

111171 Kisielow the Devastator (level 16, 0/105 HPs)
             Began as a Deep Elf Conjurer on June 6, 2015.
             Was the Champion of Vehumet.
             Drowned by a water elemental (4 damage)
             ... on level 15 of the Dungeon on June 7, 2015.
             The game lasted 03:03:10 (35345 turns).

Kisielow the Devastator (Deep Elf Conjurer)        Turns: 35345, Time: 03:03:10

Health: 0/105      AC: 13    Str: 12      XL:     16   Next: 8%
Magic:  3/37       EV: 18    Int: 29 (32) God:    Vehumet [******]
Gold:   2933       SH: 10    Dex: 15      Spells: 8 memorised, 6 levels left

rFire  . . .     SeeInvis +     j - +1 scimitar (vamp)
rCold  . . .     Clarity  .     p - +2 robe of the Worm {Int+3}
rNeg   . . .     SustAt   .     q - +2 buckler
rPois  .         Gourm    .     E - +0 helmet
rElec  .         Spirit   .     v - +0 cloak
rCorr  .         Warding  .     u - +0 pair of gloves
rMut   .         Stasis   .     x - +2 pair of boots
MR     +....                    s - amulet of rage
Stlth  ++++......               J - +3 ring of intelligence
                                m - ring of see invisible

@: mighty, especially stealthy, engulfed (cannot breathe), cleaving, very
slightly contaminated, hasted, very quick, somewhat resistant to hostile
enchantments, stealthy
A: large bone plates 2, robust 1, wild magic 2
a: Renounce Religion, Evoke Berserk Rage


You were on level 15 of the Dungeon.
You worshipped Vehumet.
Vehumet was exalted by your worship.
You were not hungry.

You visited 5 branches of the dungeon, and saw 29 of its levels.
You also visited: Ossuary and Ice Cave.

You collected 3471 gold pieces.
You spent 538 gold pieces at shops.

Inventory:

Hand weapons
 j - a +1 vampiric scimitar (weapon)
Armour
 p - the +2 robe of the Worm (worn) {Int+3}
   (You found it on level 13 of the Dungeon)

   It affects your intelligence (+3).
 q - a +2 buckler (worn)
 u - a +0 pair of gloves (worn)
 v - a +0 cloak (worn)
 x - a +2 pair of boots (worn)
 E - a +0 helmet (worn)
 L - the +3 chain mail of Poal {-Tele rPois MR++ Regen+}
   (You found it on level 14 of the Dungeon)

   It protects you from poison.
   It affects your resistance to hostile enchantments.
   It prevents most forms of teleportation.
   It increases your rate of regeneration.
 N - a +1 steam dragon armour
Jewellery
 m - a ring of see invisible (left hand)
 s - an amulet of rage (around neck)
 w - an uncursed ring of teleportation
 J - a +3 ring of intelligence (right hand)
Magical devices
 b - a wand of confusion (12)
 h - a wand of heal wounds (7)
 y - a wand of digging (16)
 z - a wand of slowing (29)
Scrolls
 a - a scroll of blinking
 e - 17 scrolls of remove curse
 i - 2 scrolls of fog
 k - 2 scrolls of teleportation
 l - 6 scrolls of identify
 t - 2 scrolls of enchant armour
 P - a scroll of enchant weapon
Potions
 d - 2 potions of brilliance
 f - 2 potions of flight
 g - 2 potions of cancellation
 n - 3 potions of might
 o - 2 potions of resistance
 B - 3 potions of cure mutation
 D - 3 potions of agility
 K - 6 potions of curing
 R - a potion of heal wounds
Books
 Q - a book of Power

   Spells                             Type                      Level
   a - Fulminant Prism                Conjuration/Hexes            4
   b - Iskenderun's Mystic Blast      Conjuration                  4
   c - Venom Bolt                     Conjuration/Poison           5
   d - Bolt of Magma                  Conjuration/Fire/Earth       5
   e - Iron Shot                      Conjuration/Earth            6
   f - Orb of Destruction             Conjuration                  7
   g - Spellforged Servitor           Conjuration/Summoning        7
Miscellaneous
 A - a fan of gales (inert)
 G - a disc of storms
Comestibles
 c - 17 bread rations
 r - 7 fruits
 C - 18 beef jerkies
 F - a slice of pizza
 I - a chunk of flesh
 O - 4 meat rations


   Skills:
 - Level 9.0 Fighting
 - Level 9.0 Dodging
 - Level 2.4 Stealth
 - Level 5.0 Shields
 + Level 15.1 Spellcasting
 * Level 16.0 Conjurations
 - Level 11.0 Charms
 - Level 10.0 Summonings
 - Level 5.1 Translocations
 * Level 13.9 Fire Magic


You had 6 spell levels left.
You knew the following spells:

 Your Spells              Type           Power        Failure   Level  Hunger
a - Magic Dart            Conj           ####         1%          1    None
b - Fire Storm            Conj/Fire      ########..   96%         9    #######
c - Lehudib's Crystal Sp  Conj/Erth      #######...   99%         8    ######.
o - Spellforged Servitor  Conj/Summ      ########..   11%         7    #####..
p - Apportation           Tloc           #######...   6%          1    None
q - Iskenderun's Battles  Conj/Chrm      ########     1%          5    None
s - Bolt of Magma         Conj/Fire/Erth ########..   2%          5    None
w - Mephitic Cloud        Conj/Pois/Air  #######.     2%          3    None


Dungeon Overview and Level Annotations

Branches:
Dungeon (15/15)            Temple (1/1) D:4            Lair (8/8) D:9
 Shoals (1/4) Lair:4        Snake (0/4) Lair:4        Slime (0/6) Lair:6
    Orc (4/4) D:10            Elf (0/3) Orc:3        Vaults (0/5) D:14
 Depths: D:15

Altars:
Ashenzari
Cheibriados
Dithmenos
Elyvilon
Fedhas
Gozag
Kikubaaqudgha
Makhleb
Nemelex Xobeh
Okawaru
Qazlal
Ru
Sif Muna
Trog
Vehumet
Xom
Yredelemnul
Zin
The Shining One

Shops:
D:10 (   D:11 [   Orc:3 :   Orc:4 ([%}

Annotations:
D:15 Azrael


Innate Abilities, Weirdness & Mutations

You are mostly covered in large bone plates (AC +3, SH +3).
You are robust (+10% HP).
Your spells are harder to cast, but more powerful.


Message History

The hill giant is drained!
The manticore is drained!
Azrael is unaffected.
The deep elf mage looks frightened!
The manticore looks frightened!
The hill giant looks frightened!
The water elemental is unaffected.
* * * LOW HITPOINT WARNING * * *
Your lungs strain for air!
Evoke which item? (* to show all) (? for menu, Esc to quit)
You draw a card...
It is the Cloud.
The deck of cards glows slightly and disappears.
Clouds appear around you!
* * * LOW HITPOINT WARNING * * *
Your lungs strain for air!
You block the water elemental's attack.
Azrael screams, "Burn!
Burn!
All of it must BURN!"
Evoke which item? (* to show all) (? for menu, Esc to quit)
A fierce wind blows from the fan.
Your attack snaps the deep elf mage out of its fear.
Your attack snaps the hill giant out of its fear.
The deep elf mage collides with the hill giant!
The winds coalesce and take form.
You die...
EEh

#≈≈≈≈≈≈≈≈≈≈E≈≈≈≈≈≈≈≈
#§EE§
##≈≈≈≈≈≈≈≈≈≈≈≈≈≈≈≈≈#
#...§§
≈≈≈≈≈≈≈≈≈≈≈≈≈≈≈≈#[#
#.....#
##≈≈≈≈≈≈≈≈≈≈≈≈.##.#
#.....#
###≈≈≈≈≈≈≈≈≈... #.#
##.#######≈≈≈≈≈≈≈≈≈
§ §§..≈≈≈≈≈≈≈≈≈
#§§.#≈≈≈≈≈≈E≈≈≈
§§§.R.E@# #§..###.#
# #e# . ##C#+##C...
#.H.....#
#.§..$....H
#§§§....#..
#§§Y§...# ##.######


You could see Azrael, a hill giant, a manticore (fleeing), a water elemental, an
ice beast (wandering), a deep elf mage and a friendly air elemental.

Vanquished Creatures
  Kirke (Lair:8)
  Donald (Orc:3)
  The ghost of SWAGNEMITE the Jinx, a powerful NaEn of Zin (Lair:6)
  A stone giant (Orc:3)
  Nessos (Lair:8)
  The ghost of acidapple the Impaler, a powerful MfGl of Okawaru (Lair:5)
  The ghost of UristMcMason the Carver, a powerful HuFi of the Shining One (Lair:3)
  Snorg (Orc:3)
  2 fire dragons
  Josephine (Lair:8)
  Erolcha (Orc:3)
  5 hydras
  Harold (Orc:3)
  Erica (Lair:2)
  A centaur warrior (D:14)
  A catoblepas (Lair:7)
  2 dancing weapons (D:14)
  3 death yaks
  A tengu warrior (D:14)
  5 orc high priests (Orc:4)
  Sonja (Lair:2)
  2 ice statues (IceCv)
  2 unseen horrors
  3 sea snakes (Shoals:1)
  3 hill giants
  8 orc knights
  2 cyclopes
  6 fauns (Shoals:1)
  3 manticores
  5 ugly things
  2 griffons (Shoals:1)
  24 elephants
  5 sirens
  12 spiny frogs
  3 gargoyles
  6 torpor snails
  4 black mambas
  4 centaur skeletons
  7 komodo dragons
  A tengu conjurer (D:14)
  A blue devil (Shoals:1)
  6 fire drakes
  2 freezing wraiths (Shoals:1)
  8 trolls
  2 deep elf priests (D:9)
  A polar bear (Lair:7)
  7 merfolk
  2 giant leeches (Lair:8)
  A boulder beetle (Lair:8)
  A snapping turtle (Shoals:1)
  4 two-headed ogres
  A raven (D:14)
  A raven (shapeshifter) (D:13)
  6 slime creatures
  24 blink frogs
  A deep elf mage (D:13)
  A spriggan (D:7)
  5 wraiths
  A wyvern (D:14)
  3 water elementals (D:15)
  The ghost of MUTANTIKUS the Shield-Bearer, an average MiFi of the Shining One (D:4)
  7 basilisks
  A naga (Lair:4)
  4 hogs (Lair:8)
  10 hippogriffs
  57 yaks
  6 vampire mosquitoes
  12 wolves
  Menkaure (D:7)
  A hungry ghost (D:12)
  2 steam dragons
  A spatial vortex (Orc:4)
  2 mottled dragons (Lair:8)
  4 wargs
  3 wasps (Lair:8)
  7 porcupines
  Duvessa (D:7)
  6 ice beasts
  26 water moccasins
  A swamp drake (Lair:8)
  4 sky beasts
  35 orc warriors
  An eye of draining (shapeshifter) (D:11)
  A phantom (D:9)
  8 centaurs
  12 ogres
  14 crocodiles
  4 big kobolds
  An elf zombie (Ossuary)
  16 giant frogs
  A brain worm (D:15)
  A wyvern skeleton (D:12)
  A wyvern zombie (D:14)
  2 scorpions
  Dowan (D:7)
  3 killer bees (D:11)
  6 electric eels
  3 wights
  3 crimson imps
  A giant frog zombie (D:10)
  8 hounds
  A wasp zombie (D:12)
  5 centaur zombies
  A human zombie (Ossuary)
  5 giant frog skeletons
  41 orc priests
  2 jellies
  5 hell rats
  A quasit (D:12)
  22 orc wizards
  10 iguanas
  11 worker ants
  A killer bee zombie (D:6)
  5 sheep
  2 mummies (Ossuary)
  A worker ant zombie (D:9)
  14 adders
  64 river rats
  8 gnolls (D:4)
  4 white imps (IceCv)
  3 shadow imps
  6 ufetubi (IceCv)
  5 oozes (Lair:6)
  3 adder zombies (Ossuary)
  20 worms
  An adder skeleton (D:4)
  10 giant geckos
  174 orcs
  A ball python (D:4)
  A bat skeleton (D:4)
  A bat zombie (D:5)
  4 giant cockroaches
  43 goblins
  37 hobgoblins
  10 jackals
  30 kobolds
  3 quokkas
  14 bats
  4 giant newts
  A goblin zombie (Ossuary)
  9 hobgoblin zombies (Ossuary)
  2 jackal zombies (Ossuary)
  12 kobold zombies (Ossuary)
  7 orc zombies (Ossuary)
  A quokka skeleton (D:5)
  26 rats
  6 fungi
  5 plants
1134 creatures vanquished.

Vanquished Creatures (collateral kills)
  A fire dragon (Lair:8)
  A basilisk (Lair:8)
  4 sheep (D:8)
6 creatures vanquished.

Vanquished Creatures (others)
  A tarantella (shapeshifter) (D:15)
  A human (Lair:8)
  A yak (Lair:6)
  A water moccasin (Lair:6)
  A giant frog (Lair:6)
  3 white imps (IceCv)
  An ufetubus (IceCv)
  A bush (Lair:8)
  31 fungi
  16 plants
57 creatures vanquished.

Grand Total: 1197 creatures vanquished

Notes
Turn   | Place    | Note
--------------------------------------------------------------
     0 | D:1      | Kisielow the Deep Elf Conjurer began the quest for the Orb.
     0 | D:1      | Reached XP level 1. HP: 10/10 MP: 6/6
   315 | D:1      | Reached XP level 2. HP: 15/15 MP: 6/8
   322 | D:1      | Learned a level 2 spell: Searing Ray
   348 | D:1      | Reached skill level 5 in Conjurations
   512 | D:1      | Found a snail-covered altar of Cheibriados.
  1190 | D:2      | Reached XP level 3. HP: 19/19 MP: 6/9
  1500 | D:2      | Found an opulent altar of Gozag.
  1502 | D:2      | Found a snail-covered altar of Cheibriados.
  1587 | D:2      | Reached skill level 6 in Conjurations
  1805 | D:2      | Reached XP level 4. HP: 21/24 MP: 5/10
  2449 | D:3      | Reached skill level 7 in Conjurations
  2449 | D:3      | Reached XP level 5. HP: 25/28 MP: 8/11
  2456 | D:3      | Learned a level 5 spell: Iskenderun's Battlesphere
  2552 | D:3      | Reached skill level 1 in Charms
  3240 | D:4      | Found a staircase to the Ecumenical Temple.
  3312 | Temple   | Entered the Ecumenical Temple
  3686 | Temple   | Became a worshipper of Vehumet
  3757 | D:4      | Reached XP level 6. HP: 30/32 MP: 2/12
  3853 | D:4      | Noticed MUTANTIKUS's ghost (average MiFi)
  3864 | D:5      | Entered Level 5 of the Dungeon
  4092 | D:5      | Reached skill level 5 in Charms
  4497 | D:5      | Gained mutation: You are partially covered in large bone plates (AC +2, SH +2). [mutagenic meat]
  4498 | D:5      | Gained mutation: You are robust (+10% HP). [mutagenic meat]
  4499 | D:5      | Gained mutation: Your magical capacity is low (-10% MP). [mutagenic meat]
  4500 | D:5      | Gained mutation: You tend to lose your temper in combat. [mutagenic meat]
  4501 | D:5      | Gained mutation: You have sharp toenails. [mutagenic meat]
  4764 | D:6      | Found an opulent altar of Gozag.
  4994 | D:6      | Reached skill level 8 in Charms
  4994 | D:6      | Reached XP level 7. HP: 29/39 MP: 0/12
  5169 | D:6      | Acquired Vehumet's first power
  5169 | D:6      | Offered knowledge of Shock by Vehumet.
  5216 | D:6      | Reached skill level 9 in Charms
  5535 | D:6      | Reached skill level 10 in Charms
  5542 | D:6      | Gained mutation: Your spells are a little harder to cast, but a little more powerful. [mutagenic meat]
  5543 | D:6      | Gained mutation: Your magical capacity is very low (-20% MP). [mutagenic meat]
  5545 | D:6      | Gained mutation: You can spit weak poison. [mutagenic meat]
  5546 | D:6      | Gained mutation: Your spells are harder to cast, but more powerful. [mutagenic meat]
  5547 | D:6      | Gained mutation: You can spit poison. [mutagenic meat]
  5561 | D:6      | Reached skill level 11 in Conjurations
  5561 | D:6      | Reached XP level 8. HP: 45/45 MP: 9/12
  5562 | D:6      | Reached skill level 13 in Conjurations
  5562 | D:6      | Reached skill level 10 in Fire Magic
  5562 | D:6      | Reached XP level 9. HP: 49/49 MP: 9/12
  5564 | D:6      | Lost mutation: Your magical capacity is very low (-20% MP). [potion of cure mutation]
  5564 | D:6      | Lost mutation: You tend to lose your temper in combat. [potion of cure mutation]
  5564 | D:6      | Lost mutation: Your magical capacity is low (-10% MP). [potion of cure mutation]
  5564 | D:6      | Lost mutation: You can spit poison. [potion of cure mutation]
  5564 | D:6      | Lost mutation: You can spit weak poison. [potion of cure mutation]
  5564 | D:6      | Lost mutation: You have sharp toenails. [potion of cure mutation]
  6038 | D:6      | Reached XP level 10. HP: 55/55 MP: 5/16
  6110 | D:6      | Offered knowledge of Throw Flame by Vehumet.
  6116 | D:6      | Learned a level 2 spell: Throw Flame
  6727 | D:4      | Noticed an ogre
  6729 | D:4      | Killed an ogre
  6949 | D:4      | Offered knowledge of Mephitic Cloud by Vehumet.
  6969 | D:4      | Learned a level 3 spell: Mephitic Cloud
  7231 | D:4      | Acquired Vehumet's second power
  7352 | D:4      | Reached skill level 1 in Fighting
  7355 | D:4      | Offered knowledge of Conjure Flame by Vehumet.
  8018 | D:4      | Killed MUTANTIKUS's ghost
  8149 | D:7      | Noticed Menkaure
  8152 | D:7      | Killed Menkaure
  8206 | D:7      | Found a sand-covered staircase.
  8223 | Ossuary  | Entered an ossuary
  8329 | Ossuary  | Acquired Vehumet's third power
  8366 | Ossuary  | Offered knowledge of Lightning Bolt by Vehumet.
  8739 | D:7      | Noticed Dowan
  8741 | D:7      | Noticed Duvessa
  8744 | D:7      | Killed Dowan
  8749 | D:7      | Killed Duvessa
  8914 | D:7      | Learned a level 1 spell: Apportation
  9509 | D:8      | Found an iron altar of Okawaru.
  9695 | D:8      | Reached skill level 5 in Spellcasting
  9731 | D:8      | Found a shimmering altar of Xom.
 10006 | D:9      | Found a staircase to the Lair.
 10370 | D:9      | Found a glowing silver altar of Zin.
 10370 | D:9      | Found a burning altar of Makhleb.
 10371 | D:9      | Noticed an Executioner
 10371 | D:9      | Noticed an angel
 10818 | D:9      | Found a bloodstained altar of Trog.
 10822 | D:9      | Reached XP level 11. HP: 66/66 MP: 19/22
 10928 | D:9      | Offered knowledge of Irradiate by Vehumet.
 11080 | D:9      | Found a stormy altar of Qazlal.
 11111 | Lair:1   | Entered Level 1 of the Lair of Beasts
 11559 | Lair:1   | Noticed a seven-headed hydra
 11564 | Lair:1   | Killed a seven-headed hydra
 11564 | Lair:1   | Reached skill level 5 in Dodging
 12009 | Lair:1   | Gained mutation: You are mostly covered in large bone plates (AC +3, SH +3). [potion of beneficial mutation]
 12032 | Lair:2   | Noticed a four-headed hydra
 12157 | Lair:2   | Reached skill level 5 in Fighting
 12319 | Lair:2   | Reached skill level 1 in Translocations
 12486 | Lair:2   | Noticed Erica
 12496 | Lair:2   | Killed Erica
 12562 | Lair:2   | Killed a four-headed hydra
 12740 | Lair:2   | Noticed Sonja
 12866 | Lair:2   | Reached XP level 12. HP: 75/75 MP: 18/27
 12914 | Lair:2   | Offered knowledge of Bolt of Magma by Vehumet.
 12921 | Lair:2   | Learned a level 5 spell: Bolt of Magma
 13173 | Lair:2   | Killed Sonja
 13486 | Lair:3   | HP: 3/77 [elephant (18)]
 13763 | Lair:3   | Reached skill level 10 in Spellcasting
 14010 | Lair:3   | Reached skill level 14 in Conjurations
 14348 | Lair:3   | Noticed UristMcMason's ghost (powerful HuFi)
 14358 | Lair:3   | Killed UristMcMason's ghost
 15519 | Lair:4   | Found a staircase to the Snake Pit.
 15595 | Lair:4   | Found a staircase to the Shoals.
 15604 | Lair:4   | Reached XP level 13. HP: 83/83 MP: 19/29
 16341 | Lair:5   | Offered knowledge of Spellforged Servitor by Vehumet.
 16351 | Lair:5   | Learned a level 7 spell: Spellforged Servitor
 16584 | Lair:5   | Got a slimy scale mail
 16786 | Lair:1   | Identified the +3 scale mail "Ywkevot" {rC+ Str+2 Int+4} (You found it on level 5 of the Lair of Beasts)
 16934 | Lair:1   | Learned a level 2 spell: Swiftness
 17205 | Lair:5   | Noticed acidapple's ghost (powerful MfGl)
 17205 | Lair:5   | Reached skill level 5 in Translocations
 17209 | Lair:5   | Killed acidapple's ghost
 17443 | Lair:5   | Reached skill level 1 in Summonings
 17602 | Lair:6   | Noticed SWAGNEMITE's ghost (powerful NaEn)
 17753 | Lair:6   | Killed SWAGNEMITE's ghost
 17889 | Lair:6   | Found a staircase to the Slime Pits.
 19040 | Lair:6   | Reached skill level 5 in Summonings
 19259 | Lair:6   | Offered knowledge of Ozocubu's Refrigeration by Vehumet.
 20562 | Lair:8   | Entered Level 8 of the Lair of Beasts
 20651 | Lair:8   | Reached XP level 14. HP: 83/92 MP: 20/31
 20674 | Lair:8   | Noticed Josephine
 20759 | Lair:8   | Noticed Kirke
 20760 | Lair:8   | Killed Josephine
 21063 | Lair:8   | Noticed Nessos
 21066 | Lair:8   | Killed Nessos
 22005 | Lair:8   | Killed Kirke
 22398 | Lair:8   | Offered knowledge of Freezing Cloud by Vehumet.
 22403 | Lair:8   | Reached skill level 10 in Summonings
 22467 | Lair:8   | Found a runed door.
 24759 | Lair:1   | Learned a level 9 spell: Fire Storm
 24796 | Lair:1   | Upgraded the game from 0.17-a0-1255-gd996e2d to 0.17-a0-1295-gefc790a
 24802 | D:10     | Entered Level 10 of the Dungeon
 24844 | D:10     | Found a staircase to the Orcish Mines.
 25200 | D:10     | Identified the Incunabulum of Transmigration and Envenoming (You found it on level 10 of the Dungeon)
 25292 | D:10     | Found Fienaib's Weapon Shop.
 25905 | Lair:1   | Learned a level 8 spell: Lehudib's Crystal Spear
 26157 | D:11     | Found Poureurgh's Antique Armour Boutique.
 26170 | D:11     | Bought a shiny buckler for 153 gold pieces
 26693 | D:12     | Offered knowledge of Conjure Ball Lightning by Vehumet.
 26909 | D:12     | Reached XP level 15. HP: 97/99 MP: 23/34
 27242 | Orc:1    | Entered Level 1 of the Orcish Mines
 27982 | Orc:1    | Reached skill level 1 in Shields
 28627 | Orc:3    | Noticed Donald
 28631 | Orc:3    | Killed Donald
 28645 | Orc:3    | Noticed Snorg
 28649 | Orc:3    | Killed Snorg
 28854 | Orc:3    | Found Tob Ofasef's Book Emporium.
 28875 | Orc:3    | Noticed Harold
 28878 | Orc:3    | Killed Harold
 28988 | Orc:3    | Offered knowledge of Bolt of Fire by Vehumet.
 28994 | Orc:3    | Found a staircase to the Elven Halls.
 29094 | Orc:3    | Noticed Erolcha
 29097 | Orc:3    | Killed Erolcha
 29106 | Orc:3    | You fall through a shaft!
 29106 | Orc:4    | Entered Level 4 of the Orcish Mines
 30212 | Orc:4    | Reached skill level 5 in Shields
 30869 | Orc:4    | Reached skill level 15 in Conjurations
 31245 | Orc:4    | Offered knowledge of Glaciate by Vehumet.
 31245 | Orc:4    | Offered knowledge of Shatter by Vehumet.
 31245 | Orc:4    | Offered knowledge of Tornado by Vehumet.
 31295 | Orc:4    | Found Typruax's Gadget Shop.
 31296 | Orc:4    | Found Ziolunim's Armour Boutique.
 31296 | Orc:4    | Found Ubbaod's Food Shop.
 31297 | Orc:4    | Found Cipuen's Antique Weapon Shop.
 31426 | Orc:3    | Bought a book of Flames for 385 gold pieces
 31685 | Shoals:1 | Entered Level 1 of the Shoals
 31762 | Shoals:1 | Got a distressingly furry leather armour
 31773 | Shoals:1 | Identified the +1 leather armour of Zin's Whim {rPois} (You found it on level 1 of the Shoals)
 31956 | Shoals:1 | Found a frozen archway.
 32058 | IceCv    | Entered an ice cave
 32287 | IceCv    | HP: 3/99 [blue devil (3)]
 33529 | D:13     | Got a brightly glowing robe
 33540 | D:13     | Identified the +2 robe of the Worm {Int+3} (You found it on level 13 of the Dungeon)
 33953 | D:14     | Found a radiant altar of Vehumet.
 34176 | D:14     | Got a heavily runed chain mail
 34177 | D:14     | Identified the +3 chain mail of Poal {-Tele rPois MR++ Regen+} (You found it on level 14 of the Dungeon)
 34263 | D:14     | Reached skill level 15 in Spellcasting
 34321 | D:14     | Found a gate to the Vaults.
 34687 | D:14     | Reached XP level 16. HP: 105/105 MP: 27/37
 35067 | D:15     | Entered Level 15 of the Dungeon
 35284 | D:15     | Reached skill level 16 in Conjurations
 35324 | D:15     | Noticed Azrael
 35344 | D:15     | HP: 3/105 [drowned by a water elemental (6)]
 35345 | D:15     | Drowned by a water elemental

Vault maps used:
D:1:      dpeg_arrival_water_altar, cheibriados_altar_1
D:2:      gammafunk_temple_overflow_pools, first_bread
D:3:      kennysheep_big_empty_room, minmay_distorted
D:4:      minmay_goblin_kobold_castle, minmay_temple_entry_trees
D:6:      gup_sewer_entry_spiral, nicolae_gozag_cash_rules_everything_around_me
D:7:      nicolae_ossuary_entry_ruins, the_bakery, uniq_menkaure, uniq_duvessa
D:8:      okawaru_ov_weapons_minmay, kb_xom_exploding_sheep
D:9:      grunt_temple_overflow_order_and_chaos_2, kennysheep_mini,
          serial_bayou_ford_a, david_defended_altar_elf
D:10:     orc_0_dummy, serial_shops, nicolae_shop_waterfront
D:11:     serial_shops, shop_statue, feat_on_display
D:14:     erik_vaults_1, minmay_staircase_statues_hall_small, serial_glass,
          glass_columns_c, glass_columns_b, basic_altar, evilmike_butchery
D:15:     grunt_enter_depths_magical_seal, minmay_misc_feat_tiny, st_stairs_7,
          uniq_azrael
Temple:   oiseaux_autumnal_temple_12
Lair:2:   uniq_sonja, uniq_erica
Lair:3:   mu_elephants_graveyard, minivault_19, serial_bayou_shore_b
Lair:4:   elwin_shoals_entry_stream, guppyfry_snake_entry_island
Lair:5:   guppyfry_lair_drakes
Lair:6:   kennysheep_abandoned_house, nicolae_slime_entry_slimehenge,
          serial_bayou_shore_a, serial_bayou_shore_b
Lair:7:   kennysheep_rathole, bobbens_dragon_lair_wall
Lair:8:   wormcave, guppyfry_lair_end_dragon, grunt_forest_stairs_basic,
          uniq_nessos, uniq_josephine, uniq_kirke
Shoals:1: portal_ice_cave_entry_frozen_things
Orc:3:    serial_shops, shop, nicolae_orc_pool_cavern, uniq_erolcha,
          uniq_donald, uniq_snorg, uniq_harold
Orc:4:    st_orc_pillars
Ossuary:  ossuary_tomb_1
IceCv:    ice_cave_small_demon

Action                   |  1- 3 |  4- 6 |  7- 9 | 10-12 | 13-15 | 16-18 || total
-------------------------+-------+-------+-------+-------+-------+-------++-------
Melee: Whip              |       |     6 |    22 |     9 |       |       ||    37
       Scimitar          |       |       |       |    10 |    30 |     3 ||    43
 Cast: Magic Dart        |    84 |   144 |    66 |   564 |  1023 |    27 ||  1908
       Searing Ray       |     1 |     5 |     1 |    11 |       |       ||    18
       Iskenderun's Batt |       |     1 |     6 |   115 |   225 |    10 ||   357
       Mephitic Cloud    |       |       |       |    14 |    38 |       ||    52
       Throw Flame       |       |       |       |     1 |       |       ||     1
       Bolt of Magma     |       |       |       |    22 |   272 |    17 ||   311
       Spellforged Servi |       |       |       |       |     7 |       ||     7
Evoke: Wand              |       |       |       |     9 |     5 |       ||    14
       Deck              |       |       |       |       |     1 |     5 ||     6
       Fan of gales      |       |       |       |       |       |     1 ||     1
  Use: Scroll            |       |    14 |       |    13 |    35 |     2 ||    64
       Potion            |       |     1 |     9 |     4 |    13 |     2 ||    29
  Eat: Chunk             |     3 |    12 |    11 |    48 |    54 |     3 ||   131
       Fruit             |       |     3 |     1 |       |     4 |       ||     8
       Meat ration       |       |       |       |     2 |     1 |       ||     3
       Pizza             |       |       |       |     1 |     4 |       ||     5
       Bread ration      |       |       |       |       |     2 |       ||     2
       Beef jerky        |       |       |       |       |     2 |       ||     2
       Royal jelly       |       |       |       |       |     2 |       ||     2
